cohdb
Replays
Latest Replays
All Replays
Popular Replays
Top Player Replays
Match Explorer
How It Works
Community
CoH3 Stats
Reddit
Sign in to upload your games and track your stats! →
Sign in with Steam
Match 43683435
Unlisted
Match 43683435
Overview
Messages
Build Orders
End
Vickers Machine Gun Team
Construct Section Command Post
Selects Heavy Armor Battlegroup
Infantry Section
ML 3-inch Mortar Team
Infantry Section
Construct Field Infirmary
Selects Rigorous Vehicle Training
Construct Platoon Command Post
6-pounder Anti-tank Gun Team
Selects Forward Repair Assembly
Construct Company Command Post
Foot Guards Section
Crusader II Medium Tank
Selects Light Vehicle Withdraw and Refit
Selects Radio Net
Tactical_Hammer
Stocklei
湊真奈MA
Slib mámě *vz58*
Sguglio
Victor
hogarthw
Coach Twig
0
0
Comments
sign in to comment!
No comments posted yet!